 Dungeon Crawl Stone Soup version 0.18.1-8-gdd0e5ea (webtiles) character file.

963 dvd the Shield-Bearer (level 8, -1/49 HPs)
             Began as a Gargoyle Fighter on June 1, 2016.
             Slain by an iguana (11 damage)
             ... on level 5 of the Dungeon.
             The game lasted 00:08:27 (3073 turns).

dvd the Shield-Bearer (Gargoyle Fighter)            Turns: 3073, Time: 00:08:28

Health: -1/49      AC:  3    Str: 20    XL:     8   Next: 15%
Magic:  8/8        EV: 11    Int:  9    God:
Gold:   236        SH:  0    Dex: 11    Spells: 0 memorised, 7 levels left

rFire  . . .     SeeInvis .     y - +1 quarterstaff (crush)
rCold  + . .     Gourm    .     b - +0 scale mail
rNeg   + . .     Faith    .     (shield currently unavailable)
rPois  ∞         Spirit   .     u - +0 helmet
rElec  +         Dismiss  .     x - +0 cloak
rCorr  .         Reflect  .     (no gloves)
SustAt .         Harm     .     (no boots)
MR     .....                    (no amulet)
Stlth  ..........               (no ring)
                                r - ring of protection from cold

@: about to teleport, corroded, not resistant to hostile enchantments, extremely
unstealthy
A: negative energy resistance 1, electricity resistance, unbreathing,
petrification resistance, rot immunity, AC +5
a: no special abilities


You were on level 5 of the Dungeon.
You were not hungry.

You visited 1 branch of the dungeon, and saw 5 of its levels.

You collected 236 gold pieces.

Inventory:

Hand Weapons
 a - a +0 flail
 m - a +3 hand axe
 y - a +1 quarterstaff of crushing (weapon)
Armour
 b - a +0 scale mail (worn)
 c - a +0 shield
 u - a +0 helmet (worn)
 x - a +0 cloak (worn)
Jewellery
 r - a ring of protection from cold (left hand)
Wands
 w - a wand of flame (25/48)
Scrolls
 i - a scroll of random uselessness {unknown}
 l - 4 scrolls of teleportation
 n - 2 scrolls of identify
 q - a scroll of remove curse
 v - a scroll of amnesia {unknown}
 A - a scroll of enchant weapon {unknown}
 B - a scroll of magic mapping {unknown}
Potions
 e - a potion of haste {unknown}
 h - a potion of lignification {unknown}
 s - a potion of resistance {unknown}
 t - a potion of mutation {unknown}
Comestibles
 d - a chunk of flesh
 f - 6 bread rations
 j - 5 meat rations
 k - 2 slices of pizza
 o - 3 beef jerkies
 z - 3 fruits


   Skills:
 + Level 5.0 Fighting
 + Level 2.9(3.3) Axes
 + Level 2.5(3.4) Maces & Flails
 + Level 1.1(2.0) Staves
 + Level 5.0 Armour
 + Level 3.3 Dodging
 + Level 0.8 Stealth
 + Level 6.0 Shields


You had 7 spell levels left.
You didn't know any spells.

Dungeon Overview and Level Annotations

Branches:
Dungeon (5/15)
 Temple: D:4-7

Altars:
Fedhas
Makhleb


Innate Abilities, Weirdness & Mutations

You are resistant to torment.
Your stone body is resilient (AC +5).
You are immune to poison.
You resist negative energy.
You are resistant to electric shocks.
You can survive without breathing.
You are immune to petrification.
You are immune to rotting.


Message History

The iguana bites you!
* * * LOW HITPOINT WARNING * * *
The adder bites you but does no damage. The iguana closely misses you.
The adder misses you. The adder bites you.
* * * LOW HITPOINT WARNING * * *
The iguana closely misses you.
An orc comes into view.
You feel less invigorated.
You feel less confused. The adder barely misses you. The iguana bites you.
* * * LOW HITPOINT WARNING * * *
Drink which item? (? for menu, Esc to quit)
You feel better. The adder closely misses you. The iguana bites you!
* * * LOW HITPOINT WARNING * * *
Read which item? (? for menu, Esc to quit)
As you read the scroll labeled OGEGEPORIVU, it crumbles to dust.
You feel strangely unstable.
It was a scroll of teleportation.
The adder barely misses you. The adder completely misses you.
The iguana bites you!
You die...

##.....##....######
#>...).o'o...J....#
#.....o##....####.#
#####......##....# #.#
#..........##....# #h#
#.........(##....####.#
#..........##.......#o#######
#......########.......J..oJo#
#.....oooohS@lo.o.....o.....o
#......#########............#
######## #..†.#.......#
##...#.......# #..##.#######
##.##.# . #..#.# . ##.#.+ .
##### #..# ..


You could see a howler monkey, an iguana, an orc priest, an adder and 5 orcs.

Vanquished Creatures
  Grinder (D:3)
  Sigmund (D:4)
  A giant frog (D:4)
  Blork the orc (D:4)
  A centaur zombie (D:4)
  2 giant frog zombies (D:4)
  3 hounds
  An orc wizard (D:3)
  A centaur skeleton (D:4)
  3 hound zombies (D:4)
  3 worker ant zombies (D:4)
  A howler monkey skeleton (D:4)
  6 adders
  An ooze (D:1)
  An adder zombie (D:4)
  A worm (D:5)
  3 giant geckos (D:4)
  7 orcs (D:3)
  5 giant cockroaches
  17 goblins
  10 hobgoblins
  6 jackals (D:1)
  4 ball pythons
  A ball python zombie (D:4)
  8 bats
  A giant gecko skeleton (D:4)
  5 giant newts
  A jackal skeleton (D:4)
  A jackal zombie (D:4)
  3 kobolds (D:2)
  2 quokka zombies (D:4)
  3 rats
105 creatures vanquished.

Notes
Turn   | Place    | Note
--------------------------------------------------------------
     0 | D:1      | dvd the Gargoyle Fighter began the quest for the Orb.
     0 | D:1      | Reached XP level 1. HP: 14/14 MP: 1/1
   105 | D:1      | Reached XP level 2. HP: 11/19 MP: 2/2
   441 | D:1      | Reached XP level 3. HP: 22/23 MP: 3/3
   659 | D:2      | Reached skill level 4 in Shields
   674 | D:2      | Reached skill level 1 in Dodging
   674 | D:2      | Reached XP level 4. HP: 15/29 MP: 4/4
  1070 | D:2      | Found a faded altar to an unknown god.
  1287 | D:3      | Found a burning altar of Makhleb.
  1312 | D:3      | Found a blossoming altar of Fedhas.
  1328 | D:3      | Reached XP level 5. HP: 33/33 MP: 5/5
  1478 | D:3      | Noticed Grinder
  1508 | D:3      | Paralysed by Grinder for 2 turns
  1531 | D:3      | Killed Grinder
  1531 | D:3      | Reached skill level 1 in Axes
  1531 | D:3      | Reached XP level 6. HP: 17/38 MP: 6/6
  1707 | D:3      | Reached skill level 5 in Shields
  1933 | D:4      | Reached XP level 7. HP: 42/44 MP: 7/7
  2001 | D:4      | Noticed Blork the orc
  2011 | D:4      | Killed Blork the orc
  2664 | D:4      | Noticed Sigmund
  2684 | D:4      | Killed Sigmund
  2684 | D:4      | Reached skill level 5 in Fighting
  2684 | D:4      | Reached skill level 1 in Staves
  2684 | D:4      | Reached skill level 6 in Shields
  2684 | D:4      | Reached XP level 8. HP: 29/49 MP: 8/8
  2957 | D:5      | Entered Level 5 of the Dungeon
  2974 | D:5      | Reached skill level 5 in Armour
  3068 | D:5      | HP: 1/49 [iguana (12)]
  3073 | D:5      | Slain by an iguana

Skill      XL: |  1  2  3  4  5  6  7  8 |
---------------+-------------------------+-----
Shields        | 4 5 6 |  6.0
Dodging        | 1 2 3 |  3.3
Fighting       | 4 5 |  5.0
Axes           | 1 2 |  2.9
Armour         | 4 5 |  5.0
Staves         | 1 |  1.1
Maces & Flails | |  2.5
Stealth        | |  0.8

Action                   |  1- 3 |  4- 6 |  7- 9 || total
-------------------------+-------+-------+-------++-------
Melee: Flail             |   128 |    13 |       ||   141
       Hand axe          |       |   132 |    76 ||   208
       Quarterstaff      |       |       |    84 ||    84
  Use: Potion            |       |     1 |     3 ||     4
       Scroll            |       |       |     3 ||     3
  Eat: Chunk             |       |     4 |     4 ||     8
Armor: Scale mail        |    86 |    87 |    82 ||   255
Dodge: Dodged            |    50 |    41 |    98 ||   189
Block: Shield            |    82 |    90 |    36 ||   208
